 Dungeon Crawl Stone Soup version 0.27-a0-1595-g0b823d0a13 (webtiles) character file.

Game seed: 1345886050221240026

3721 hatdisgam the Covert (level 10, -10/81 HPs)
             Began as a Gnoll Delver on July 21, 2021.
             Was a Follower of Uskayaw.
             Mangled by an orc warrior (11 damage)
             ... on level 8 of the Dungeon.
             The game lasted 00:19:43 (12248 turns).

hatdisgam the Covert (Gnoll Delver)                Turns: 12248, Time: 00:19:43

Health: -10/81     AC:  3    Str: 11    XL:     10   Next: 14%
Magic:  17/17      EV: 14    Int: 13    God:    Uskayaw [*.....]
Gold:   394        SH:  0    Dex: 14    Spells: 16/19 levels left

rFire    . . .     SeeInvis .   b - +2 war axe (elec)
rCold    . . .     Faith    .   (no shield)
rNeg     . . .     Spirit   .   i - +0 leather armour
rPois    .         Reflect  .   (no helmet)
rElec    .         Harm     .   (no cloak)
rCorr    .         Rampage  .   (no gloves)
Will     .....                  (no boots)
Stlth    ++++......             (no amulet)
HPRegen  0.23/turn              (no ring)
MPRegen  0.15/turn              (no ring)

@: no status effects
A: fangs 1, strong nose, distributed training
a: Renounce Religion, Stomp


You were on level 8 of the Dungeon.
You worshipped Uskayaw.
Uskayaw was noncommittal.
You visited 2 branches of the dungeon, and saw 9 of its levels.

You collected 436 gold pieces.
You spent 42 gold pieces at shops.

Inventory:

Hand Weapons
 a - the +10 hunting sling of Meniedi {vorpal, rF+ Dex+4 Stlth+}
   (You took it off an orc on level 6 of the Dungeon)

   Any ammunition fired from it inflicts extra damage upon your enemies.
   Dex:       It affects your dexterity (+4).
   rF:        It protects you from fire.
   Stlth:     It makes you more stealthy.
 b - a +2 war axe of electrocution (weapon)
 f - a +4 hand axe
 h - a +2 short sword of venom
 q - a +0 falchion
 y - a +0 dagger of speed
 G - a +3 war axe of freezing
 K - the +4 dagger "Upupne Azex" {drain, rN+}
   (You found it on level 5 of the Dungeon)

   A truly terrible weapon, it drains the life of any living foe it strikes.
   rN:        It protects you from negative energy.
 L - a +4 scimitar of freezing
Missiles
 C - 191 stones (quivered)
 H - 4 sling bullets
 J - a throwing net
Armour
 i - a +0 leather armour (worn)
 I - a +1 cloak
Jewellery
 k - a ring of flight
 F - an amulet of regeneration
Wands
 g - a wand of digging (3)
 s - a wand of flame (41)
 u - a wand of paralysis (3)
 E - a wand of polymorph (10)
Scrolls
 c - 2 scrolls of fog
 d - 3 scrolls of magic mapping
 e - a scroll of fear
 j - a scroll of teleportation
 l - 3 scrolls of enchant weapon {unknown}
 m - a scroll of torment {unknown}
 n - a scroll of noise {unknown}
 o - a scroll of vulnerability {unknown}
 t - a scroll of amnesia
 x - a scroll of immolation {unknown}
 B - 2 scrolls of identify
Potions
 p - a potion of brilliance
 r - a potion of ambrosia
 v - a potion of magic {unknown}
 w - a potion of attraction {unknown}
 z - a potion of invisibility {unknown}
 A - a potion of flight {unknown}
 D - a potion of might {unknown}


   Skills:
 + Level 8.3 Fighting
 + Level 5.0 Short Blades
 + Level 6.8 Long Blades
 + Level 5.0 Axes
 + Level 5.0 Maces & Flails
 + Level 5.0 Polearms
 + Level 5.0 Staves
 + Level 5.0 Slings
 + Level 5.0 Bows
 + Level 5.0 Crossbows
 + Level 5.0 Throwing
 + Level 5.0 Armour
 + Level 6.8 Dodging
 + Level 10.7 Stealth
 + Level 5.0 Shields
 + Level 5.0 Unarmed Combat
 + Level 5.0 Spellcasting
 + Level 4.1 Conjurations
 + Level 4.1 Hexes
 + Level 4.1 Summonings
 + Level 4.1 Necromancy
 + Level 4.1 Translocations
 + Level 4.1 Transmutations
 + Level 4.1 Fire Magic
 + Level 4.1 Ice Magic
 + Level 4.1 Air Magic
 + Level 4.1 Earth Magic
 + Level 4.1 Poison Magic
 + Level 5.5 Invocations
 + Level 5.0 Evocations


You had 16 spell levels left.
You knew the following spells:

 Your Spells              Type           Power      Damage    Failure   Level
a - Stone Arrow           Conj/Erth      28%        3d8       13%         3

Your spell library contained the following spells:

 Spells                   Type           Power      Damage    Failure   Level
 Animate Armour           Summ/Erth      28%        N/A       41%         4
 Lehudib's Crystal Spear  Conj/Erth      7%         10d3      100%        8


Dungeon Overview and Level Annotations

Branches:
Dungeon (8/15)             Temple (1/1) D:7
   Lair: D:8-11

Altars:
Fedhas
Gozag
Kikubaaqudgha
Uskayaw
The Shining One

Shops:
D:2 ?   D:6 (

Annotations:
D:4 2 transporters, Edmund; MisterAzrael's ghost, amateur HOFi


Innate Abilities, Weirdness & Mutations

You have very sharp teeth.
Your uncanny sense of smell can sniff out nearby items.
Your experience applies equally to all skills.


Message History

The stone closely misses the orc warrior.
The orc warrior shouts!
You shoot a stone.
The stone closely misses the orc warrior.
The orc warrior hits you from afar with a +0 halberd!
You hear the crackle of electricity.
b - a +2 war axe of electrocution (weapon)
The orc warrior hits you with a +0 halberd!
You see here a stone.
You hit the orc warrior.
Lightning courses through the orc warrior!
The orc warrior is severely wounded.
The orc warrior hits you with a +0 halberd!!
Your leather armour prevents you from hitting the orc warrior.
The orc warrior is severely wounded.
The orc warrior closely misses you. x2
You closely miss the orc warrior.
The orc warrior is severely wounded.
The orc warrior barely misses you.
You closely miss the orc warrior.
The orc warrior is severely wounded.
The orc warrior hits you with a +0 halberd!!
* * * LOW HITPOINT WARNING * * *
You barely miss the orc warrior.
The orc warrior is severely wounded.
The orc warrior closely misses you.
Okay, then.
You hit the orc warrior.
The orc warrior is almost dead.
The orc warrior hits you with a +0 halberd!
* * * LOW HITPOINT WARNING * * *
The orc warrior completely misses you.
You barely miss the orc warrior.
The orc warrior is almost dead.
The orc warrior hits you with a +0 halberd!
* * * LOW HITPOINT WARNING * * *
You barely miss the orc warrior.
The orc warrior is almost dead.
The orc warrior hits you with a +0 halberd!
You die...

###
###..#.#!#.#.#[#.#..
∆ #....##.#.#.##..
###..#.#.#..###
#(..#)#.#.#..$#
###.(#.#.#..##
..##(#.#.##.
..#.#(#(#.#.# # . .
###(o.###
###...#@#...#
#.#.#.#.#.# #
..###.. # ... ..
##.) .. #.# .. ∆


You could see an orc warrior.

Vanquished Creatures
  Harold (D:8)
  Prince Ribbit (D:8)
  2 water moccasins
  Duvessa (D:6)
  3 orc warriors
  2 black bears (D:6)
  2 ice beasts
  An ogre (D:5)
  4 centaurs
  A phantom (D:6)
  A bullfrog (D:7)
  Dowan (D:6)
  A water moccasin skeleton (D:5)
  5 wights
  3 howler monkeys (D:7)
  A centaur zombie (D:6)
  A bullfrog zombie (D:5)
  2 hounds (D:5)
  3 jellies
  7 orc priests
  A bullfrog skeleton (D:7)
  Natasha (thrice) (D:3)
  2 iguanas
  3 orc wizards
  A howler monkey skeleton (D:6)
  9 adders
  An ufetubus (D:6)
  3 worms
  2 dart slugs
  37 orcs
  11 ball pythons
  13 endoplasms
  5 giant cockroaches
  4 goblins
  3 hobgoblins
  4 jackals
  3 quokkas
  4 bats
  7 frilled lizards (D:1)
  19 kobolds
  6 rats
184 creatures vanquished.

Vanquished Creatures (others)
  6 fungi (D:2)
  2 plants (D:1)
  10 toadstools (D:2)
18 creatures vanquished.

Grand Total: 202 creatures vanquished

Notes
Turn   | Place    | Note
-------+----------+-------------------------------------------
     0 | D:5      | Reached skill level 9 in Stealth
     0 | D:5      | hatdisgam the Gnoll Delver began the quest for the Orb.
     0 | D:5      | Reached XP level 1. HP: 23/23 MP: 1/1
    26 | D:5      | Identified the +4 dagger "Upupne Azex" {drain, rN+}
    50 | D:4      | Found a transporter.
    57 | D:4      | Noticed an iguana
    64 | D:4      | Killed an iguana
    65 | D:4      | Reached XP level 2. HP: 29/29 MP: 2/2
    65 | D:4      | Reached XP level 3. HP: 35/35 MP: 3/3
   168 | D:3      | Reached skill level 1 in Invocations
   316 | D:3      | Reached skill level 1 in Short Blades
   316 | D:3      | Reached skill level 1 in Axes
   316 | D:3      | Reached skill level 1 in Maces & Flails
   316 | D:3      | Reached skill level 1 in Polearms
   316 | D:3      | Reached skill level 1 in Staves
   316 | D:3      | Reached skill level 1 in Slings
   316 | D:3      | Reached skill level 1 in Bows
   316 | D:3      | Reached skill level 1 in Crossbows
   316 | D:3      | Reached skill level 1 in Throwing
   316 | D:3      | Reached skill level 1 in Armour
   316 | D:3      | Reached skill level 1 in Shields
   316 | D:3      | Reached skill level 1 in Unarmed Combat
   316 | D:3      | Reached skill level 1 in Spellcasting
   316 | D:3      | Reached skill level 1 in Evocations
   534 | D:2      | Reached XP level 4. HP: 41/41 MP: 5/5
  1434 | D:1      | Reached skill level 1 in Conjurations
  1434 | D:1      | Reached skill level 1 in Hexes
  1434 | D:1      | Reached skill level 1 in Summonings
  1434 | D:1      | Reached skill level 1 in Necromancy
  1434 | D:1      | Reached skill level 1 in Translocations
  1434 | D:1      | Reached skill level 1 in Transmutations
  1434 | D:1      | Reached skill level 1 in Fire Magic
  1434 | D:1      | Reached skill level 1 in Ice Magic
  1434 | D:1      | Reached skill level 1 in Air Magic
  1434 | D:1      | Reached skill level 1 in Earth Magic
  1434 | D:1      | Reached skill level 1 in Poison Magic
  2188 | D:2      | Found Taugu's Magic Scroll Emporium.
  2191 | D:2      | Reached XP level 5. HP: 44/47 MP: 5/7
  2233 | D:2      | Bought a scroll of teleportation for 42 gold pieces
  3442 | D:4      | Noticed Natasha
  3501 | D:3      | Killed Natasha
  3502 | D:3      | Reached XP level 6. HP: 47/53 MP: 8/8
  3515 | D:3      | Noticed Natasha
  3526 | D:3      | Killed Natasha
  3527 | D:3      | Reached skill level 5 in Long Blades
  3527 | D:3      | Reached skill level 5 in Dodging
  4273 | D:4      | Noticed Edmund
  4343 | D:4      | Found a blossoming altar of Fedhas.
  4346 | D:4      | Noticed a necrophage
  4374 | D:4      | Found a transporter.
  4374 | D:4      | Noticed MisterAzrael's ghost (amateur HOFi)
  4425 | D:4      | Reached XP level 7. HP: 40/59 MP: 10/10
  4614 | D:4      | Found an ancient bone altar of Kikubaaqudgha.
  5149 | D:5      | HP: 3/60 [hound (4)]
  5153 | D:5      | Found a hide-covered altar of Uskayaw.
  5153 | D:5      | Noticed a +0 hand axe
  5153 | D:5      | Noticed a +0 dagger
  5159 | D:5      | Became a worshipper of Uskayaw the Reveller
  5516 | D:5      | Reached * piety under Uskayaw
  5648 | D:5      | Reached ** piety under Uskayaw
  5807 | D:5      | Reached skill level 10 in Stealth
  5807 | D:5      | Reached XP level 8. HP: 60/67 MP: 12/12
  5808 | D:5      | Reached *** piety under Uskayaw
  6333 | D:6      | Learned a level 3 spell: Stone Arrow
  6705 | D:6      | Identified the +10 hunting sling of Meniedi {vorpal, rF+
                  | Dex+4 Stlth+}
  6759 | D:6      | Found Jeinaill's Weapon Boutique.
  6987 | D:6      | Noticed Dowan
  6988 | D:6      | Noticed Duvessa
  7009 | D:6      | Killed Duvessa
  7012 | D:6      | Killed Dowan
  7012 | D:6      | Reached **** piety under Uskayaw
  8182 | D:6      | Reached XP level 9. HP: 69/72 MP: 14/14
  8882 | D:7      | Found a staircase to the Ecumenical Temple.
 10687 | D:5      | HP: 3/64 [wight (1)]
 10862 | D:3      | Noticed Natasha
 10870 | D:3      | Killed Natasha
 11169 | D:8      | Noticed Harold
 11194 | D:8      | Killed Harold
 11195 | D:8      | Reached skill level 5 in Invocations
 11236 | Temple   | Entered the Ecumenical Temple
 11878 | D:8      | Reached XP level 10. HP: 63/80 MP: 17/17
 12143 | D:8      | Noticed Prince Ribbit
 12164 | D:8      | Killed Prince Ribbit
 12165 | D:8      | Reached skill level 5 in Short Blades
 12165 | D:8      | Reached skill level 5 in Axes
 12165 | D:8      | Reached skill level 5 in Maces & Flails
 12165 | D:8      | Reached skill level 5 in Polearms
 12165 | D:8      | Reached skill level 5 in Staves
 12165 | D:8      | Reached skill level 5 in Slings
 12165 | D:8      | Reached skill level 5 in Bows
 12165 | D:8      | Reached skill level 5 in Crossbows
 12165 | D:8      | Reached skill level 5 in Throwing
 12165 | D:8      | Reached skill level 5 in Armour
 12165 | D:8      | Reached skill level 5 in Shields
 12165 | D:8      | Reached skill level 5 in Unarmed Combat
 12165 | D:8      | Reached skill level 5 in Spellcasting
 12165 | D:8      | Reached skill level 5 in Evocations
 12247 | D:8      | HP: 1/81 [orc warrior (9)]
 12248 | D:8      | Mangled by an orc warrior

Illustrated notes

Levels and vault maps discovered:
D:1:      arrival_zaba_pyramid, layout_basic, lexackson_kobold_supper
D:2:      cheibrodos_fertilizer, layout_basic, serial_shops,
          nicolae_shop_crystal
D:3:      layout_loops_corners
D:4:      layout_rooms, fedhas_altar_2, lemuel_coloured_pillars_altar,
          gammafunk_ghost_mausoleum, uniq_natasha, uniq_edmund
D:5:      layout_cave_pods, dancing_weapons_uskayaw
D:6:      layout_layer_cave, serial_shops, nicolae_shop_crystal, uniq_duvessa
D:7:      layout_cave_pools, minmay_temple_entry_butterflies
D:8:      layout_loops_ring, nemelex_spade_bored_becter, special_room
          [special_room_orc], minivault_25, minmay_starry_boxes,
          uniq_prince_ribbit1, uniq_harold
Temple:   compressed_dpeg_circular_temple

Skill      XL: |  1  2  3  4  5  6  7  8  9 10 |
---------------+-------------------------------+-----
Stealth        | 10 | 10.7
Invocations    | 1 2 3 4 5 |  5.5
Short Blades   | 1 2 3 4 5 |  5.0
Axes           | 1 2 3 4 5 |  5.0
Maces & Flails | 1 2 3 4 5 |  5.0
Polearms       | 1 2 3 4 5 |  5.0
Staves         | 1 2 3 4 5 |  5.0
Slings         | 1 2 3 4 5 |  5.0
Bows           | 1 2 3 4 5 |  5.0
Crossbows      | 1 2 3 4 5 |  5.0
Throwing       | 1 2 3 4 5 |  5.0
Armour         | 1 2 3 4 5 |  5.0
Shields        | 1 2 3 4 5 |  5.0
Unarmed Combat | 1 2 3 4 5 |  5.0
Spellcasting   | 1 2 3 4 5 |  5.0
Evocations     | 1 2 3 4 5 |  5.0
Conjurations   | 1 2 3 4 |  4.1
Hexes          | 1 2 3 4 |  4.1
Summonings     | 1 2 3 4 |  4.1
Necromancy     | 1 2 3 4 |  4.1
Translocations | 1 2 3 4 |  4.1
Transmutations | 1 2 3 4 |  4.1
Fire Magic     | 1 2 3 4 |  4.1
Ice Magic      | 1 2 3 4 |  4.1
Air Magic      | 1 2 3 4 |  4.1
Earth Magic    | 1 2 3 4 |  4.1
Poison Magic   | 1 2 3 4 |  4.1
Long Blades    | 5 6 |  6.8
Dodging        | 5 6 |  6.8
Fighting       | 7 8 |  8.3

Action                   |  1- 3 |  4- 6 |  7- 9 | 10-12 || total
-------------------------+-------+-------+-------+-------++-------
Melee: Dagger            |    35 |   146 |   206 |       ||   387
       Bite              |     2 |    21 |    34 |       ||    57
       Punch             |       |     3 |     4 |       ||     7
       Hand axe          |       |    43 |    90 |       ||   133
       War axe           |       |       |       |     8 ||     8
 Fire: Hunting sling     |       |       |    31 |    27 ||    58
Evoke: Wand              |       |       |     2 |       ||     2
  Use: Potion            |       |     1 |     7 |       ||     8
       Scroll            |       |       |     6 |       ||     6
 Stab: Sleeping          |     4 |    23 |    12 |       ||    39
       Paralysed         |       |       |     9 |       ||     9
Armor: Leather armour    |     3 |    18 |    43 |       ||    64
Dodge: Dodged            |    15 |   100 |   218 |     9 ||   342

Table legend: (Time is in decaauts)
 A = Elapsed time spent in this place.
 B = Non-inter-level travel time spent in this place.
 C = Inter-level travel time spent in this place.
 D = Time resting spent in this place.
 E = Time spent auto-exploring this place.
 F = Levels seen in this place.
 G = Mean time per level.
                   A        B        C        D        E       F      G
               +--------+--------+--------+--------+--------+-----+--------+
         Total |  12179 |  11377 |    802 |   2495 |   6980 |   9 | 1353.2 |
       Dungeon |  11916 |  11114 |    802 |   2238 |   6980 |   8 | 1489.5 |
        Temple |    263 |    263 |      0 |    257 |      0 |   1 |  263.0 |
               +--------+--------+--------+--------+--------+-----+--------+

Top non-repeatable levels by time:
     D:6: 2522 daAuts
     D:5: 2134 daAuts
     D:3: 1619 daAuts
     D:2: 1528 daAuts
     D:7: 1331 daAuts
     D:1: 1290 daAuts
     D:4: 962 daAuts
     D:8: 527 daAuts
  Temple: 263 daAuts
